 Dungeon Crawl Stone Soup version 0.23.2-40-g277498a (webtiles) character file.

Game seed: 3342828207723740437

26 CrazyJ the Caller (level 2, 0/22 HPs)
             Began as a Draconian Summoner on Sept 16, 2019.
             Succumbed to an adder's poison
             ... on level 2 of the Dungeon.
             The game lasted 00:05:27 (1587 turns).

CrazyJ the Caller (Draconian Summoner)              Turns: 1587, Time: 00:05:28

Health: 0/22       AC:  4    Str: 15    XL:     2   Next: 89%
Magic:  5/5        EV: 12    Int: 15    God:
Gold:   61         SH:  0    Dex: 11    Spells: 2/5 levels left

rFire    + . .     SeeInvis .   j - +0 club
rCold    + . .     Gourm    .   (no shield)
rNeg     . . .     Faith    .   (armour unavailable)
rPois    +         Spirit   .   (helmet restricted)
rElec    +         Reflect  .   (no cloak)
rCorr    +         Harm     .   (no gloves)
MR       .....                  (no boots)
Stlth    ++........             (no amulet)
HPRegen  0.07/turn              (no ring)
MPRegen  0.09/turn              (no ring)

@: mighty, lethally poisoned (0 -> -2), resistant, very slightly contaminated,
invisible (expiring)
A: unfitting armour, cold-blooded, AC +4
a: no special abilities


You were on level 2 of the Dungeon.
You were hungry.

You visited 1 branch of the dungeon, and saw 2 of its levels.

You collected 61 gold pieces.

Inventory:

Hand Weapons
 d - a +2 vampiric whip
 j - a +0 club (weapon)
Missiles
 c - 44 stones (quivered)
 o - 21 poisoned needles
Scrolls
 a - a scroll of fog {unknown}
 f - a scroll of identify {unknown}
 h - a scroll of amnesia {unknown}
 i - a scroll of fear {unknown}
 l - a scroll of remove curse {unknown}
 n - a scroll of teleportation {unknown}
Comestibles
 b - 2 rations
 m - a chunk of flesh


   Skills:
 + Level 0.5 Fighting
 + Level 2.0 Dodging
 - Level 1.7 Stealth
 - Level 0.2 Unarmed Combat
 + Level 2.2 Spellcasting
 * Level 4.5 Summonings


You had 2 spell levels left.
You knew the following spells:

 Your Spells              Type           Power        Failure   Level  Hunger
a - Summon Small Mammal   Summ           ###.         3%          1    #......
b - Call Imp              Summ           ###.....     5%          2    ###....

Your spell library contained the following spells:

 Spells                   Type           Power        Failure   Level  Hunger
 Call Canine Familiar     Summ           ###.....     11%         3    ###....
 Summon Guardian Golem    Hex/Summ       #.......     26%         3    ###....
 Summon Ice Beast         Ice/Summ       #.......     65%         4    #####..
 Summon Lightning Spire   Summ/Air       #.......     65%         4    #####..


Dungeon Overview and Level Annotations

Branches:
Dungeon (2/15)

Altars:


Innate Abilities, Weirdness & Mutations

Your plain brown scales are hard. (AC +4)
You cannot fit into any form of body armour.
You are cold-blooded and may be slowed by cold attacks.


Message History

It was a potion of might.
You feel very mighty all of a sudden.
It was a potion of resistance.
You feel protected.
* * * LOW HITPOINT WARNING * * *
You feel sick.
There is a lethal amount of poison in your body!
* * * LOW HITPOINT WARNING * * *
You feel sick.
Your crimson imp disappears in a puff of smoke!
* * * LOW HITPOINT WARNING * * *
You feel sick.
* * * LOW HITPOINT WARNING * * *
You feel sick.
You swap places.
* * * LOW HITPOINT WARNING * * *
You feel sick.
You swap places.
You flicker for a moment.
You die...

###### #....#
#.##.# #.##.#
#.#÷.# #.#.<# ###
#r.@.# ..#
#...##########.#
#............#.#
############.#.#
#......#.#
#......#.#####
#............#
#.....##.###.#
#####...÷.##.###.#


You could see a friendly quokka.

Vanquished Creatures
  A giant cockroach (D:2)
  2 goblins (D:1)
  A hobgoblin (D:2)
  2 bats
  2 frilled lizards (D:1)
  A kobold (D:1)
  5 rats
14 creatures vanquished.

Vanquished Creatures (collateral kills)
  An adder (D:2)
  A giant cockroach (D:2)
  2 goblins (D:1)
  3 kobolds
  3 bats
10 creatures vanquished.

Grand Total: 24 creatures vanquished

Notes
Turn   | Place    | Note
-------+----------+-------------------------------------------
     0 | D:1      | CrazyJ the Draconian Summoner began the quest for the Orb.
     0 | D:1      | Reached XP level 1. HP: 14/14 MP: 3/3
   501 | D:1      | You fall through a shaft!
   588 | D:2      | Reached XP level 2. HP: 19/20 MP: 1/5
   631 | D:2      | Learned a level 2 spell: Call Imp
  1583 | D:2      | HP: 1/22 [poisoned by an adder]
  1587 | D:2      | Succumbed to an adder's poison

Skill      XL: |  1  2 |
---------------+-------+-----
Dodging        | 2 |  2.0
Fighting       | |  0.5
Stealth        | |  1.7
Unarmed Combat | |  0.2
Spellcasting   | |  2.2
Summonings     | |  4.5

Action                   || total
-------------------------++-------
Melee: Unarmed           ||    49
       Tailslap          ||     6
       Club              ||    47
 Cast: Summon Small Mamm ||    12
       Call Imp          ||     2
  Use: Potion            ||     3
 Stab: Sleeping          ||     1
  Eat: Chunk             ||     2
Armor: Skin              ||    71
Dodge: Dodged            ||   131
